 Dungeon Crawl Stone Soup version 0.19.0-16-g73b5abf (webtiles) character file.

69 Pororoca the Poker (level 4, -2/29 HPs)
             Began as a Merfolk Gladiator on Nov 10, 2016.
             Slain by Purgy (3 damage)
             ... on level 3 of the Dungeon.
             The game lasted 00:03:13 (1786 turns).

Pororoca the Poker (Merfolk Gladiator)              Turns: 1786, Time: 00:03:14

Health: -2/29      AC:  4    Str: 15    XL:     4   Next: 20%
Magic:  4/4        EV: 14    Int:  7    God:
Gold:   79         SH:  0    Dex: 15    Spells: 0 memorised, 3 levels left

rFire  . . .     SeeInvis .     a - +0 trident
rCold  . . .     Gourm    .     b - +0 leather armour
rNeg   . . .     Faith    .     (no shield)
rPois  .         Spirit   .     c - +0 helmet
rElec  .         Reflect  .     (no cloak)
rCorr  .         Harm     .     (no gloves)
MR     .....     Rnd*Rage +     (no boots)
Stlth  +.........               (no amulet)
                                (no ring)
                                (no ring)

@: no status effects
A: change form in water, swift swim, stealthy swim, berserk 1, frail 1,
regeneration 1
a: no special abilities


You were on level 3 of the Dungeon.
You were hungry.

You visited 1 branch of the dungeon, and saw 3 of its levels.

You collected 79 gold pieces.

Inventory:

Hand Weapons
 a - a +0 trident (weapon)
Armour
 b - a +0 leather armour (worn)
 c - a +0 helmet (worn)
Wands
 g - a wand of lightning (4/15)
Scrolls
 o - 2 scrolls of teleportation
Potions
 j - a potion of brilliance {unknown}
 k - a potion of resistance {unknown}
 m - a potion of mutation
 q - a potion of lignification {unknown}
 t - a potion of cure mutation {unknown}
Comestibles
 f - a bread ration
 n - a beef jerky
 r - a royal jelly
 u - a meat ration


   Skills:
 - Level 2.1 Fighting
 + Level 7.2 Polearms
 - Level 2.0 Throwing
 - Level 4.0 Dodging


You had 3 spell levels left.
You didn't know any spells.

Dungeon Overview and Level Annotations

Branches:
Dungeon (3/15)

Altars:
Elyvilon

Annotations:
D:3 Purgy


Innate Abilities, Weirdness & Mutations

You revert to your normal form in water.
You are very nimble and swift while swimming.
You are very stealthy in the water. (Stealth+)
You tend to lose your temper in combat.
You are frail. (-10% HP)
Your natural rate of healing is unusually fast.


Message History

Purgy closely misses you.
It was a potion of curing.
You feel better. Purgy barely misses you. Purgy claws you.
* * * LOW HITPOINT WARNING * * *
Purgy claws you but does no damage.
You barely miss Purgy.
Purgy is heavily wounded.
You hit Purgy but do no damage.
Purgy is heavily wounded.
Purgy bites you.
* * * LOW HITPOINT WARNING * * *
Purgy claws you.
* * * LOW HITPOINT WARNING * * *
Purgy closely misses you. Purgy bites you but does no damage.
Purgy claws you but does no damage. Purgy misses you.
It was a potion of mutation.
You feel extremely strange.
You feel a little pissed off.
You begin to heal more quickly.
You feel frail.
Purgy closely misses you. x2; Purgy claws you.
You die...

+....(....+
......... .....[.
..... ... #'# #.#
###.######
#....T@..#
#....###.#
.##.....##.#
.........##.#####.#
..##.#.#..........#
# #.#.####.#######
#.#.# #.#
#.#.####.#
#........#


You could see Purgy.

Vanquished Creatures
  2 adders
  An ooze (D:1)
  A dart slug (D:1)
  2 leopard geckos (D:1)
  6 bats
  2 giant cockroaches
  9 goblins
  6 hobgoblins
  4 kobolds
  A quokka (D:2)
  A ball python (D:2)
  A frilled lizard (D:1)
  4 rats (D:1)
40 creatures vanquished.

Notes
Turn   | Place    | Note
-------+----------+-------------------------------------------
     0 | D:1      | Pororoca the Merfolk Gladiator began the quest for the Orb.
     0 | D:1      | Reached XP level 1. HP: 16/16 MP: 1/1
   143 | D:1      | Reached skill level 5 in Polearms
   164 | D:1      | Reached XP level 2. HP: 22/22 MP: 2/2
   759 | D:1      | Reached XP level 3. HP: 27/27 MP: 3/3
   836 | D:1      | Reached skill level 6 in Polearms
  1166 | D:2      | Found a faded altar of an unknown god.
  1288 | D:2      | Found a white marble altar of Elyvilon.
  1488 | D:2      | Reached XP level 4. HP: 32/33 MP: 4/4
  1623 | D:2      | Reached skill level 7 in Polearms
  1759 | D:3      | Noticed Purgy
  1778 | D:3      | HP: 1/33 [Purgy (3)]
  1786 | D:3      | Gained mutation: You tend to lose your temper in combat. [potion of mutation]
  1786 | D:3      | Gained mutation: Your natural rate of healing is unusually fast. [potion of mutation]
  1786 | D:3      | Gained mutation: You are frail. (-10% HP) [potion of mutation]
  1786 | D:3      | Slain by Purgy

Skill      XL: |  1  2  3  4 |
---------------+-------------+-----
Polearms       | 5 6 7 |  7.2
Fighting       | |  2.1
Throwing       | |  2.0
Dodging        | |  4.0

Action                   |  1- 3 |  4- 6 || total
-------------------------+-------+-------++-------
Melee: Trident           |   106 |    22 ||   128
Throw: Throwing net      |     2 |     2 ||     4
  Use: Scroll            |       |     6 ||     6
       Potion            |       |     3 ||     3
 Stab: Sleeping          |     1 |       ||     1
       Held in net/web   |       |     2 ||     2
  Eat: Chunk             |       |     2 ||     2
Armor: Leather armour    |    17 |     9 ||    26
Dodge: Dodged            |    49 |    24 ||    73
